 Dungeon Crawl Stone Soup version 0.26-a0-244-g083ca260ac (webtiles) character file.

Game seed: 15637747859528697272

2243 BritishOli the Skirmisher (level 9, -1/69 HPs)
             Began as a Demonspawn Gladiator on July 8, 2020.
             Slain by an orc warrior
             ... wielding a +1 battleaxe of flaming
              (7 damage)
             ... on level 5 of the Dungeon.
             The game lasted 00:04:48 (6144 turns).

BritishOli the Skirmisher (Demonspawn Gladiator)    Turns: 6144, Time: 00:04:48

Health: -1/69      AC: 11    Str: 17    XL:     9   Next: 14%
Magic:  9/9        EV: 12    Int: 10    God:
Gold:   257        SH:  0    Dex: 15    Spells: 8/8 levels left

rFire    . . .     SeeInvis .   A - +5 long sword (freeze)
rCold    . . .     Faith    .   (no shield)
rNeg     . . .     Spirit   .   y - +0 scale mail
rPois    .         Reflect  .   (helmet restricted)
rElec    .         Harm     .   (no cloak)
rCorr    .                      (no gloves)
MR       .....                  (no boots)
Stlth    ..........             (no amulet)
HPRegen  0.21/turn              h - +4 ring of protection
MPRegen  0.11/turn              (no ring)

@: lightly drained
A: claws 1, horns 2, talons 2, spiny 1, rot immunity
a: no special abilities


You were on level 5 of the Dungeon.
You were not hungry.

You visited 1 branch of the dungeon, and saw 6 of its levels.

You collected 257 gold pieces.

Inventory:

Hand Weapons
 A - a +5 long sword of freezing (weapon)
Missiles
 d - 3 throwing nets (quivered)
Armour
 b - a +0 leather armour
 y - a +0 scale mail (worn)
Jewellery
 a - an uncursed ring of protection from magic {unknown}
 c - an uncursed amulet of regeneration {unknown}
 h - a +4 ring of protection (left claw)
Wands
 m - a wand of flame (19)
 q - a wand of iceblast (16)
 B - a wand of digging (4)
Scrolls
 e - 3 scrolls of amnesia {unknown}
 g - a scroll of fog {unknown}
 j - 3 scrolls of enchant weapon {unknown}
 k - 2 scrolls of magic mapping {unknown}
 l - 2 scrolls of teleportation {unknown}
 o - a scroll of immolation {unknown}
 u - 3 scrolls of remove curse {unknown}
 v - a scroll of random uselessness {unknown}
 w - 5 scrolls of identify {unknown}
Potions
 i - a potion of mutation {unknown}
 n - a potion of flight {unknown}
 p - a potion of might {unknown}
 r - 3 potions of curing {unknown}
 s - a potion of ambrosia {unknown}
 t - a potion of stabbing {unknown}
 x - a potion of degeneration {unknown}
 z - 2 potions of magic {unknown}
Comestibles
 f - 8 rations


   Skills:
 + Level 5.7(5.3) Fighting
 + Level 5.6(5.2) Long Blades
 + Level 5.1(4.7) Throwing
 + Level 4.8(4.4) Armour
 + Level 5.7(5.2) Dodging


You had 8 spell levels left.
You didn't know any spells.
Your spell library contained the following spells:

 Spells                   Type           Power        Failure   Level
 Animate Skeleton         Necr           N/A          77%         1
 Apportation              Tloc           #.....       77%         1
 Corona                   Hex            #......      77%         1
 Pain                     Necr           #...         77%         1
 Summon Small Mammal      Summ           #...         77%         1
 Vampiric Draining        Necr           #.........   98%         3
 Animate Dead             Necr           N/A          100%        4
 Agony                    Necr           #.......     100%        5


Dungeon Overview and Level Annotations

Branches:
Dungeon (6/15)
 Temple: D:4-7

Altars:
Elyvilon
Sif Muna
Wu Jian


Innate Abilities, Weirdness & Mutations

You have sharp fingernails.
You have a pair of horns on your head.
You have razor-sharp toenails.
You are partially covered in sharp spines.
You are immune to rotting.


Message History

The wight misses you.
The orc warrior hits you with a +1 battleaxe of flaming.
* * * LOW HITPOINT WARNING * * *
The orc warrior burns you.
* * * LOW HITPOINT WARNING * * *
The wight is struck by your spines. The wight hits you but does no damage.
The wight barely misses you.
You riposte.
You barely miss the wight. You claw the wight, but do no damage.
The wight is heavily damaged.
You hit the wight but do no damage. You headbutt the wight.
You destroy the wight!
The orc warrior hits you with a +1 battleaxe of flaming!
* * * LOW HITPOINT WARNING * * *
The orc warrior burns you.
* * * LOW HITPOINT WARNING * * *
The wight is struck by your spines. The wight hits you but does no damage.
You hit the wight. You claw the wight.
You destroy the wight!
The orc warrior hits you with a +1 battleaxe of flaming!
You die...

#.#.#รท.##..###
##.####.#### ### ##.#
##.## ##.#.# #.#.##
##.##
###########.#########
#..)@)...............
#...o########.#######
#.........# #.#
##########.....###.###.#
#....................#.#
#.#.........#..###.#.#.#
#.#............# #.#.#.#
#.#...........## #.#.#.#
#.#.####......####.#.#.#


You could see an orc warrior.

Vanquished Creatures
  Grinder (D:3)
  A hippogriff (D:6)
  A shadow (D:6)
  A water moccasin (D:5)
  An orc warrior (D:6)
  2 ogres
  2 centaurs
  A bullfrog (D:5)
  7 wights
  A bullfrog zombie (D:6)
  A bullfrog skeleton (D:5)
  3 orc priests
  A hound (D:4)
  7 orc wizards
  Jessica (D:2)
  2 iguanas
  A worker ant (D:3)
  A hound zombie (D:6)
  Robin (D:3)
  A howler monkey skeleton (D:5)
  6 adders
  4 gnolls (D:5)
  6 river rats (D:5)
  A white imp (D:5)
  An ufetubus (D:6)
  An ooze (D:5)
  2 adder skeletons (D:4)
  3 worms
  3 dart slugs
  3 leopard geckos
  16 orcs
  7 bats
  5 giant cockroaches
  11 goblins
  13 hobgoblins
  20 jackals
  8 kobolds
  12 quokkas
  A ball python (D:4)
  5 frilled lizards
  17 rats
182 creatures vanquished.

Notes
Turn   | Place    | Note
-------+----------+-------------------------------------------
     0 | D:1      | BritishOli the Demonspawn Gladiator began the quest for the
                  | Orb.
     0 | D:1      | Reached XP level 1. HP: 16/16 MP: 1/1
   398 | D:1      | Gained mutation: You have sharp toenails. [demonic
                  | ancestry]
   398 | D:1      | Reached XP level 2. HP: 22/22 MP: 2/2
   851 | D:2      | Gained mutation: You have a pair of small horns on your
                  | head. [demonic ancestry]
   851 | D:2      | Reached XP level 3. HP: 28/28 MP: 3/3
   854 | D:2      | Noticed a centaur
   857 | D:2      | Reached skill level 1 in Armour
   861 | D:2      | Killed a centaur
   861 | D:2      | Gained mutation: You have razor-sharp toenails. [demonic
                  | ancestry]
   861 | D:2      | Reached XP level 4. HP: 23/34 MP: 4/4
   901 | D:2      | Gained mutation: You have a pair of horns on your head.
                  | [demonic ancestry]
   901 | D:2      | Reached XP level 5. HP: 21/40 MP: 5/5
  1209 | D:2      | Noticed Jessica
  1213 | D:2      | Killed Jessica
  1587 | D:2      | Found a white marble altar of Elyvilon.
  1991 | D:3      | Noticed Robin
  2005 | D:3      | Killed Robin
  2005 | D:3      | Reached XP level 6. HP: 28/47 MP: 6/6
  2475 | D:3      | Noticed Grinder
  2483 | D:3      | Killed Grinder
  2483 | D:3      | Gained mutation: You are immune to rotting. [demonic
                  | ancestry]
  2483 | D:3      | Reached XP level 7. HP: 48/53 MP: 7/7
  3371 | D:5      | Entered Level 5 of the Dungeon
  3947 | D:5      | Gained mutation: You are partially covered in sharp spines.
                  | [demonic ancestry]
  3947 | D:5      | Reached XP level 8. HP: 50/61 MP: 8/8
  4349 | D:5      | Found a shimmering blue altar of Sif Muna.
  4538 | D:5      | Found an ornate altar of the Wu Jian Council.
  4710 | D:6      | Reached skill level 5 in Dodging
  4944 | D:6      | Reached skill level 5 in Fighting
  4944 | D:6      | Reached skill level 5 in Long Blades
  5093 | D:6      | Noticed a hippogriff
  5103 | D:6      | Killed a hippogriff
  5638 | D:6      | Reached skill level 5 in Throwing
  5638 | D:6      | Gained mutation: You have sharp fingernails. [demonic
                  | ancestry]
  5638 | D:6      | Reached XP level 9. HP: 45/68 MP: 9/9
  5642 | D:6      | HP: 2/68 [shadow (11)]
  6144 | D:5      | Slain by an orc warrior

Illustrated notes

Levels and vault maps discovered:
D:1:      lemuel_arrival_broad_hall, layout_rooms
D:2:      layout_basic, lemuel_round_altar, uniq_jessica
D:3:      layout_basic, uniq_grinder, uniq_robin
D:4:      layout_rooms, first_ration, minmay_pentomino_pile
D:5:      lemuel_ratsnest, layout_basic, lemuel_blue_sif_altar,
          nicolae_overflow_hidden_temple
D:6:      layout_gridville, minmay_misc_feat_cross

Skill      XL: |  1  2  3  4  5  6  7  8 |
---------------+-------------------------+-----
Throwing       | 2 3 4 5 |  5.1
Long Blades    | 3 4 5 |  5.6
Armour         | 1 2 3 4 |  4.8
Dodging        | 3 4 5 |  5.7
Fighting       | 3 4 5 |  5.7

Action                   |  1- 3 |  4- 6 |  7- 9 || total
-------------------------+-------+-------+-------++-------
Melee: Long sword        |    64 |   113 |   193 ||   370
       Kick              |    11 |    36 |    84 ||   131
       Headbutt          |     3 |    26 |    49 ||    78
  Use: Potion            |       |       |     1 ||     1
 Stab: Sleeping          |       |       |     1 ||     1
  Eat: Ration            |       |     2 |     3 ||     5
Armor: Leather armour    |    22 |    42 |    49 ||   113
       Scale mail        |       |       |    12 ||    12
Dodge: Dodged            |    55 |   114 |   145 ||   314
       Rpst.: Long sword |    10 |    42 |    39 ||    91

Table legend:
 A = Non-vault XP
 B = Vault XP
 C = Vault XP percentage of total XP
 D = Non-vault monster count
 E = Vault monster count
 F = Vault count percentage of total count
                 A         B        C        D         E       F
            +---------+---------+-------+---------+---------+-------
      Total |    2320 |     885 |  27.6 |     138 |      44 |  24.2
            +---------+---------+-------+---------+---------+-------
        D:1 |      38 |       0 |   0.0 |      19 |       0 |   0.0
        D:2 |     230 |      37 |  13.9 |      38 |       1 |   2.6
        D:3 |     135 |     314 |  69.9 |      24 |      12 |  33.3
        D:4 |     204 |     159 |  43.8 |      15 |       2 |  11.8
        D:5 |     408 |     375 |  47.9 |      13 |      29 |  69.0
        D:6 |    1305 |       0 |   0.0 |      29 |       0 |   0.0
            +---------+---------+-------+---------+---------+-------
